[ AOE2 MATCH · #488003834 ]
UnrankedBulgarians vs Bohemians
[ REPLAY ANALYSIS · EXTRACTED FROM THE RECORDED GAME ]
Feudal
—
Castle
—
Imperial
—
| APM avg | 24.0 |
| APM peak | 44 |
| eAPM avg | 14.5 |
| Villagers / military | 58 / 82 |
Focus
⚔️ 42.0% · 🌾 58.0%
Militia ×82
Feudal
10:21
Castle
15:42
Imperial
—
| APM avg | 34.4 |
| APM peak | 74 |
| eAPM avg | 13.5 |
| Villagers / military | 76 / 15 |
Focus
⚔️ 13.1% · 🌾 86.9%
Hand Cannoneer ×14 · Mangonel ×1
Feudal
—
Castle
—
Imperial
—
| APM avg | 57.8 |
| APM peak | 87 |
| eAPM avg | 29.1 |
| Villagers / military | 117 / 61 |
Focus
⚔️ 42.7% · 🌾 57.3%
Battering Ram ×31 · Steppe Lancer ×30
Feudal
11:57
Castle
22:21
Imperial
—
| APM avg | 12.7 |
| APM peak | 51 |
| eAPM avg | 6.8 |
| Villagers / military | 34 / 0 |
Focus
⚔️ 6.8% · 🌾 93.2%
Unknown (1908) ×3
Match map
Initial resources + every placement click. Lines = walls · curves = elevation contours. ◆ gold · ⬟ stone · ● berries · ✦ relic · ◌ wall gap
Your base· ✓ Closed at 25:08 · 0t walls · 2 gate(s)
shroff1997vatsal's base· ✓ Closed at 15:42 · 0t walls · 2 gate(s)
Fabrizio 094455's base· ✓ Closed at 24:24 · 3t walls · 2 gate(s)
pintu1712's base· ✓ Closed at 22:21 · 0t walls · 2 gate(s)
Smoothed initial terrain · ◌ = detected wall gap · hover for details
Inputs per minute
— AcousticBook4 - - shroff1997vatsal
Build order — AcousticBook4
First 150 of 225 actions detected
| 0:01 | Queue | Villager (Male) |
| 0:01 | Queue | Villager (Male) |
| 0:02 | Queue | Villager (Male) |
| 0:02 | Queue | Villager (Male) |
| 0:02 | Queue | Villager (Male) |
| 0:04 | Build | House |
| 0:05 | Build | House |
| 1:33 | Queue | Villager (Male) |
| 1:33 | Queue | Villager (Male) |
| 1:33 | Queue | Villager (Male) |
| 1:58 | Queue | Villager (Male) |
| 1:58 | Queue | Villager (Male) |
| 2:29 | Queue | Villager (Male) |
| 2:30 | Queue | Villager (Male) |
| 2:30 | Queue | Villager (Male) |
| 2:35 | Build | Lumber Camp |
| 3:20 | Queue | Villager (Male) |
| 3:20 | Queue | Villager (Male) |
| 3:31 | Build | House |
| 3:32 | Build | House |
| 3:44 | Queue | Villager (Male) |
| 3:44 | Queue | Villager (Male) |
| 3:44 | Queue | Villager (Male) |
| 5:12 | Queue | Villager (Male) |
| 5:12 | Queue | Villager (Male) |
| 5:13 | Queue | Villager (Male) |
| 5:13 | Queue | Villager (Male) |
| 5:39 | Build | Mill |
| 6:55 | Research | Feudal Age |
| 6:55 | Research | Feudal Age |
| 7:10 | Build | Mill |
| 7:19 | Build | Barracks |
| 7:37 | Queue | Villager (Male) |
| 8:00 | Queue | Villager (Male) |
| 8:11 | Queue | Militia |
| 8:11 | Queue | Militia |
| 8:12 | Queue | Militia |
| 8:12 | Queue | Militia |
| 8:12 | Queue | Militia |
| 8:13 | Queue | Militia |
| 8:14 | Queue | Militia |
| 8:28 | Build | Mining Camp |
| 8:36 | Queue | Villager (Male) |
| 8:46 | Queue | Villager (Male) |
| 9:09 | Queue | Militia |
| 9:13 | Queue | Militia |
| 9:13 | Queue | Militia |
| 9:13 | Queue | Militia |
| 9:13 | Queue | Militia |
| 9:13 | Queue | Militia |
| 9:13 | Queue | Militia |
| 9:13 | Queue | Militia |
| 9:38 | Build | House |
| 9:49 | Queue | Militia |
| 9:54 | Build | House |
| 10:02 | Research | Wheelbarrow |
| 10:22 | Queue | Militia |
| 10:47 | Build | Blacksmith |
| 10:50 | Queue | Villager (Male) |
| 11:04 | Queue | Militia |
| 11:17 | Research | Double-Bit Axe |
| 11:17 | Research | Double-Bit Axe |
| 11:18 | Research | Double-Bit Axe |
| 11:24 | Queue | Militia |
| 11:37 | Build | House |
| 11:38 | Build | House |
| 11:41 | Queue | Villager (Male) |
| 11:50 | Build | House |
| 11:58 | Build | Farm |
| 11:59 | Build | Farm |
| 12:02 | Build | Farm |
| 12:37 | Build | Farm |
| 12:38 | Build | Farm |
| 12:50 | Queue | Villager (Male) |
| 13:26 | Research | Scale Barding Armor |
| 13:27 | Research | Scale Barding Armor |
| 13:33 | Queue | Villager (Male) |
| 13:36 | Build | Farm |
| 13:37 | Build | Farm |
| 13:44 | Build | Farm |
| 13:49 | Queue | Militia |
| 13:49 | Queue | Militia |
| 13:50 | Queue | Militia |
| 14:10 | Queue | Militia |
| 14:10 | Queue | Militia |
| 14:23 | Queue | Militia |
| 14:23 | Queue | Militia |
| 14:34 | Queue | Villager (Male) |
| 14:42 | Build | Farm |
| 14:44 | Build | Farm |
| 14:48 | Queue | Militia |
| 14:48 | Queue | Militia |
| 15:03 | Research | Forging |
| 15:32 | Queue | Villager (Male) |
| 15:33 | Queue | Villager (Male) |
| 15:33 | Queue | Villager (Male) |
| 15:36 | Queue | Villager (Male) |
| 15:37 | Queue | Villager (Male) |
| 16:13 | Queue | Villager (Male) |
| 16:16 | Queue | Militia |
| 16:16 | Queue | Militia |
| 16:16 | Queue | Militia |
| 16:17 | Queue | Militia |
| 16:27 | Queue | Villager (Male) |
| 16:33 | Queue | Villager (Male) |
| 16:38 | Build | House |
| 16:42 | Research | Horse Collar |
| 16:42 | Research | Horse Collar |
| 16:42 | Research | Horse Collar |
| 16:45 | Build | Farm |
| 16:48 | Build | Farm |
| 16:51 | Build | Farm |
| 17:13 | Queue | Villager (Male) |
| 17:16 | Queue | Militia |
| 17:16 | Queue | Militia |
| 17:34 | Queue | Villager (Male) |
| 17:36 | Queue | Militia |
| 17:36 | Queue | Militia |
| 17:36 | Queue | Militia |
| 18:06 | Queue | Villager (Male) |
| 18:10 | Build | House |
| 18:11 | Build | House |
| 18:13 | Queue | Militia |
| 18:13 | Queue | Militia |
| 18:18 | Build | Farm |
| 18:19 | Build | Farm |
| 18:51 | Queue | Villager (Male) |
| 18:53 | Queue | Militia |
| 18:53 | Queue | Militia |
| 18:54 | Queue | Militia |
| 18:58 | Build | Barracks |
| 19:04 | Build | Farm |
| 19:06 | Build | Farm |
| 19:08 | Build | Farm |
| 19:10 | Build | Farm |
| 20:20 | Queue | Villager (Male) |
| 20:20 | Queue | Villager (Male) |
| 20:24 | Build | Farm |
| 20:25 | Build | Farm |
| 20:27 | Build | Farm |
| 21:06 | Queue | Villager (Male) |
| 21:10 | Build | Farm |
| 21:55 | Queue | Villager (Male) |
| 21:58 | Queue | Villager (Male) |
| 22:01 | Build | Mining Camp |
| 22:03 | Queue | Militia |
| 22:03 | Queue | Militia |
| 22:03 | Queue | Militia |
| 22:48 | Queue | Villager (Male) |
| 22:54 | Research | Gold Mining |
Build order — shroff1997vatsal
143 actions detected in the replay
| 0:07 | Build | House |
| 0:09 | Build | House |
| 0:14 | Research | Loom |
| 0:14 | Queue | Villager (Male) |
| 0:15 | Queue | Villager (Male) |
| 0:15 | Queue | Villager (Male) |
| 0:15 | Queue | Villager (Male) |
| 0:15 | Queue | Villager (Male) |
| 0:16 | Queue | Villager (Male) |
| 1:57 | Queue | Villager (Male) |
| 2:16 | Queue | Villager (Male) |
| 2:16 | Queue | Villager (Male) |
| 2:16 | Queue | Villager (Male) |
| 2:45 | Queue | Villager (Male) |
| 3:11 | Queue | Villager (Male) |
| 3:13 | Queue | Villager (Male) |
| 3:14 | Queue | Villager (Male) |
| 3:14 | Queue | Villager (Male) |
| 3:50 | Queue | Villager (Male) |
| 3:51 | Queue | Villager (Male) |
| 3:51 | Queue | Villager (Male) |
| 4:11 | Build | Lumber Camp |
| 4:27 | Queue | Villager (Male) |
| 4:28 | Queue | Villager (Male) |
| 4:28 | Queue | Villager (Male) |
| 4:28 | Queue | Villager (Male) |
| 4:33 | Build | House |
| 4:37 | Build | House |
| 4:43 | Queue | Villager (Male) |
| 4:44 | Queue | Villager (Male) |
| 4:44 | Queue | Villager (Male) |
| 5:16 | Queue | Villager (Male) |
| 5:16 | Queue | Villager (Male) |
| 5:17 | Queue | Villager (Male) |
| 5:17 | Queue | Villager (Male) |
| 5:17 | Queue | Villager (Male) |
| 5:46 | Queue | Villager (Male) |
| 5:46 | Queue | Villager (Male) |
| 5:46 | Queue | Villager (Male) |
| 6:59 | Build | Mill |
| 7:50 | Build | Mining Camp |
| 8:11 | Research | Feudal Age |
| 8:11 | Research | Feudal Age |
| 8:11 | Research | Feudal Age |
| 8:26 | Build | House |
| 8:28 | Build | House |
| 8:58 | Queue | Villager (Male) |
| 8:58 | Queue | Villager (Male) |
| 8:58 | Queue | Villager (Male) |
| 9:42 | Build | Barracks |
| 10:17 | Queue | Villager (Male) |
| 10:17 | Queue | Villager (Male) |
| 10:17 | Queue | Villager (Male) |
| 10:21 | Age | Feudal Age |
| 10:38 | Build | Blacksmith |
| 11:19 | Build | House |
| 11:50 | Build | Archery Range |
| 11:58 | Queue | Villager (Male) |
| 11:58 | Queue | Villager (Male) |
| 12:27 | Build | Farm |
| 12:28 | Build | Farm |
| 12:30 | Build | Farm |
| 12:47 | Build | Farm |
| 13:02 | Research | Castle Age |
| 13:03 | Research | Castle Age |
| 13:03 | Research | Castle Age |
| 13:03 | Research | Castle Age |
| 13:17 | Build | Farm |
| 13:41 | Build | Farm |
| 14:00 | Queue | Villager (Male) |
| 14:00 | Queue | Villager (Male) |
| 14:01 | Queue | Villager (Male) |
| 14:01 | Queue | Villager (Male) |
| 15:05 | Research | Double-Bit Axe |
| 15:42 | Age | Castle Age |
| 15:48 | Build | University |
| 16:00 | Build | Siege Workshop |
| 16:19 | Queue | Villager (Male) |
| 16:19 | Queue | Villager (Male) |
| 16:19 | Queue | Villager (Male) |
| 16:23 | Research | Chemistry |
| 16:23 | Research | Chemistry |
| 16:37 | Build | Stone Wall |
| 17:10 | Queue | Mangonel |
| 17:46 | Build | Market |
| 17:52 | Build | Farm |
| 17:54 | Build | Farm |
| 17:55 | Build | Farm |
| 18:37 | Build | Archery Range |
| 18:52 | Build | Stone Wall |
| 19:10 | Build | Siege Workshop |
| 19:16 | Queue | Villager (Male) |
| 19:17 | Queue | Villager (Male) |
| 19:17 | Queue | Villager (Male) |
| 19:17 | Queue | Villager (Male) |
| 19:17 | Queue | Villager (Male) |
| 19:28 | Queue | Hand Cannoneer |
| 19:28 | Queue | Hand Cannoneer |
| 19:28 | Queue | Hand Cannoneer |
| 19:28 | Queue | Hand Cannoneer |
| 20:18 | Queue | Hand Cannoneer |
| 20:18 | Queue | Hand Cannoneer |
| 20:19 | Queue | Hand Cannoneer |
| 20:19 | Queue | Hand Cannoneer |
| 20:55 | Queue | Hand Cannoneer |
| 20:55 | Queue | Hand Cannoneer |
| 20:55 | Queue | Hand Cannoneer |
| 22:33 | Build | Stone Wall |
| 23:17 | Build | Market |
| 24:16 | Build | Town Center |
| 24:43 | Build | Archery Range |
| 25:27 | Queue | Hand Cannoneer |
| 25:28 | Queue | Hand Cannoneer |
| 25:28 | Queue | Hand Cannoneer |
| 26:28 | Queue | Villager (Male) |
| 26:28 | Queue | Villager (Male) |
| 26:28 | Queue | Villager (Male) |
| 26:43 | Build | Stone Wall |
| 27:09 | Queue | Villager (Male) |
| 27:09 | Queue | Villager (Male) |
| 27:09 | Queue | Villager (Male) |
| 27:29 | Build | House |
| 27:36 | Queue | Villager (Male) |
| 27:36 | Queue | Villager (Male) |
| 27:37 | Queue | Villager (Male) |
| 28:19 | Queue | Villager (Male) |
| 28:19 | Queue | Villager (Male) |
| 28:19 | Queue | Villager (Male) |
| 28:28 | Build | Mining Camp |
| 28:30 | Queue | Villager (Male) |
| 28:30 | Queue | Villager (Male) |
| 28:31 | Queue | Villager (Male) |
| 29:06 | Queue | Villager (Male) |
| 29:06 | Queue | Villager (Male) |
| 29:26 | Queue | Villager (Male) |
| 29:26 | Queue | Villager (Male) |
| 29:26 | Queue | Villager (Male) |
| 29:45 | Build | Farm |
| 29:46 | Build | Farm |
| 30:03 | Build | House |
| 30:09 | Queue | Villager (Male) |
| 30:09 | Queue | Villager (Male) |
| 30:09 | Queue | Villager (Male) |
Build order — Fabrizio 094455
First 150 of 282 actions detected
| 0:02 | Queue | Villager (Male) |
| 0:02 | Queue | Villager (Male) |
| 0:02 | Queue | Villager (Male) |
| 0:04 | Build | House |
| 0:05 | Build | House |
| 0:08 | Queue | Villager (Male) |
| 0:08 | Queue | Villager (Male) |
| 1:28 | Queue | Villager (Male) |
| 1:29 | Queue | Villager (Male) |
| 1:53 | Queue | Villager (Male) |
| 1:53 | Queue | Villager (Male) |
| 1:57 | Build | Lumber Camp |
| 2:07 | Queue | Villager (Male) |
| 2:07 | Queue | Villager (Male) |
| 2:37 | Queue | Villager (Male) |
| 3:01 | Queue | Villager (Male) |
| 3:01 | Queue | Villager (Male) |
| 3:25 | Build | House |
| 3:39 | Queue | Villager (Male) |
| 3:40 | Queue | Villager (Male) |
| 3:56 | Queue | Villager (Male) |
| 3:57 | Queue | Villager (Male) |
| 4:01 | Queue | Villager (Male) |
| 4:01 | Queue | Villager (Male) |
| 4:29 | Queue | Villager (Male) |
| 4:34 | Queue | Villager (Male) |
| 4:35 | Queue | Villager (Male) |
| 5:33 | Queue | Villager (Male) |
| 5:33 | Queue | Villager (Male) |
| 6:02 | Build | Mill |
| 6:08 | Research | Loom |
| 6:20 | Build | Mining Camp |
| 6:41 | Research | Feudal Age |
| 7:35 | Build | House |
| 8:53 | Build | Blacksmith |
| 8:59 | Build | Palisade Wall |
| 9:00 | Build | Palisade Wall |
| 9:02 | Build | Palisade Wall |
| 9:30 | Build | Siege Workshop |
| 9:39 | Build | House |
| 9:42 | Queue | Villager (Male) |
| 9:48 | Research | Double-Bit Axe |
| 10:00 | Queue | Villager (Male) |
| 10:12 | Build | House |
| 10:29 | Build | House |
| 10:37 | Queue | Battering Ram |
| 10:37 | Queue | Battering Ram |
| 10:41 | Queue | Villager (Male) |
| 11:05 | Queue | Villager (Male) |
| 11:16 | Queue | Battering Ram |
| 11:17 | Queue | Villager (Male) |
| 11:31 | Queue | Villager (Male) |
| 11:31 | Queue | Villager (Male) |
| 11:56 | Queue | Battering Ram |
| 11:56 | Queue | Battering Ram |
| 12:01 | Queue | Villager (Male) |
| 12:26 | Queue | Villager (Male) |
| 12:40 | Queue | Battering Ram |
| 12:41 | Queue | Battering Ram |
| 13:08 | Queue | Villager (Male) |
| 13:19 | Queue | Battering Ram |
| 13:19 | Queue | Battering Ram |
| 13:19 | Queue | Battering Ram |
| 13:31 | Queue | Villager (Male) |
| 13:34 | Build | Farm |
| 14:08 | Queue | Battering Ram |
| 14:09 | Queue | Battering Ram |
| 14:23 | Queue | Villager (Male) |
| 14:47 | Queue | Battering Ram |
| 14:55 | Queue | Villager (Male) |
| 14:57 | Queue | Villager (Male) |
| 15:00 | Build | Farm |
| 15:14 | Queue | Villager (Male) |
| 15:14 | Queue | Villager (Male) |
| 15:15 | Queue | Villager (Male) |
| 15:15 | Queue | Villager (Male) |
| 15:15 | Queue | Villager (Male) |
| 15:15 | Queue | Villager (Male) |
| 15:16 | Queue | Villager (Male) |
| 15:20 | Queue | Battering Ram |
| 15:21 | Queue | Battering Ram |
| 15:27 | Build | House |
| 16:00 | Queue | Battering Ram |
| 16:01 | Queue | Villager (Male) |
| 16:01 | Queue | Villager (Male) |
| 16:01 | Queue | Villager (Male) |
| 16:25 | Queue | Battering Ram |
| 16:36 | Build | Town Center |
| 16:54 | Queue | Battering Ram |
| 17:08 | Queue | Villager (Male) |
| 17:13 | Queue | Villager (Male) |
| 17:23 | Build | Farm |
| 17:24 | Build | Farm |
| 17:26 | Queue | Villager (Male) |
| 17:26 | Queue | Villager (Male) |
| 17:32 | Build | Farm |
| 17:35 | Build | Farm |
| 17:44 | Research | Horse Collar |
| 17:44 | Research | Horse Collar |
| 17:58 | Queue | Villager (Male) |
| 17:58 | Queue | Villager (Male) |
| 18:22 | Queue | Battering Ram |
| 18:23 | Queue | Villager (Male) |
| 18:23 | Queue | Villager (Male) |
| 18:28 | Queue | Villager (Male) |
| 18:29 | Queue | Villager (Male) |
| 18:37 | Build | Farm |
| 18:37 | Build | Farm |
| 18:37 | Build | Farm |
| 18:37 | Build | Farm |
| 18:38 | Build | Farm |
| 18:38 | Build | Farm |
| 18:41 | Build | House |
| 18:42 | Build | House |
| 19:20 | Queue | Villager (Male) |
| 19:20 | Queue | Villager (Male) |
| 19:22 | Build | Farm |
| 19:23 | Build | Farm |
| 19:23 | Build | Farm |
| 19:23 | Build | Farm |
| 19:26 | Queue | Villager (Male) |
| 19:33 | Queue | Villager (Male) |
| 19:33 | Queue | Villager (Male) |
| 19:33 | Queue | Villager (Male) |
| 20:05 | Queue | Battering Ram |
| 20:08 | Queue | Villager (Male) |
| 20:09 | Queue | Villager (Male) |
| 20:09 | Queue | Villager (Male) |
| 20:17 | Build | Farm |
| 20:18 | Build | Farm |
| 20:19 | Build | Farm |
| 20:19 | Build | Farm |
| 20:19 | Build | Farm |
| 20:20 | Queue | Villager (Male) |
| 20:21 | Queue | Villager (Male) |
| 20:21 | Queue | Villager (Male) |
| 20:28 | Queue | Villager (Male) |
| 20:28 | Queue | Villager (Male) |
| 20:46 | Queue | Battering Ram |
| 20:46 | Queue | Battering Ram |
| 20:53 | Queue | Villager (Male) |
| 20:54 | Queue | Villager (Male) |
| 21:01 | Build | Farm |
| 21:21 | Queue | Battering Ram |
| 21:22 | Queue | Villager (Male) |
| 21:31 | Queue | Villager (Male) |
| 21:31 | Queue | Villager (Male) |
| 21:45 | Queue | Villager (Male) |
| 21:45 | Queue | Villager (Male) |
| 21:45 | Queue | Villager (Male) |
Build order — pintu1712
70 actions detected in the replay
| 0:07 | Queue | Villager (Male) ×4 |
| 0:12 | Build | House |
| 0:17 | Build | House |
| 1:41 | Queue | Villager (Male) |
| 1:54 | Build | Lumber Camp |
| 2:05 | Queue | Villager (Male) |
| 2:34 | Queue | Villager (Male) |
| 2:49 | Queue | Villager (Male) |
| 3:53 | Queue | Villager (Male) ×2 |
| 4:17 | Queue | Villager (Male) |
| 4:46 | Queue | Villager (Male) |
| 5:13 | Build | House |
| 5:18 | Build | House |
| 5:51 | Queue | Villager (Male) |
| 6:21 | Queue | Villager (Male) |
| 6:34 | Queue | Villager (Male) |
| 6:38 | Build | Mill |
| 7:02 | Queue | Villager (Male) |
| 7:19 | Queue | Villager (Male) |
| 7:30 | Build | Lumber Camp |
| 7:45 | Queue | Villager (Male) |
| 8:23 | Queue | Villager (Male) |
| 8:32 | Build | House |
| 8:39 | Queue | Villager (Male) |
| 9:03 | Queue | Villager (Male) |
| 9:03 | Queue | Villager (Male) |
| 9:15 | Build | Mining Camp |
| 9:22 | Research | Loom |
| 9:22 | Research | Feudal Age |
| 10:02 | Queue | Villager (Male) |
| 10:02 | Queue | Villager (Male) |
| 11:57 | Age | Feudal Age |
| 12:02 | Build | Blacksmith |
| 12:13 | Build | Market |
| 12:29 | Build | Mining Camp |
| 13:20 | Research | Castle Age |
| 17:02 | Build | Town Center |
| 18:58 | Build | Town Center |
| 19:41 | Research | Castle Age |
| 19:49 | Build | Mining Camp |
| 22:21 | Age | Castle Age |
| 22:40 | Build | Castle |
| 24:05 | Build | Market |
| 24:33 | Queue | Unit 1908 |
| 24:50 | Build | Town Center |
| 25:07 | Build | Farm |
| 25:08 | Build | Farm |
| 25:10 | Build | Farm |
| 25:11 | Build | Farm |
| 25:24 | Build | Farm |
| 25:25 | Build | Farm |
| 27:00 | Queue | Villager (Male) |
| 27:10 | Queue | Unit 1908 |
| 27:47 | Queue | Villager (Male) |
| 27:48 | Queue | Villager (Male) |
| 28:20 | Queue | Villager (Male) |
| 28:36 | Build | Farm |
| 28:41 | Queue | Villager (Male) |
| 28:41 | Queue | Villager (Male) |
| 29:16 | Queue | Unit 1908 |
| 29:46 | Queue | Villager (Male) |
| 29:47 | Queue | Villager (Male) |
| 29:59 | Build | Mill |
| 30:03 | Build | Farm |
| 30:04 | Build | Farm |
| 30:05 | Build | Farm |
| 30:07 | Build | Farm |
| 30:21 | Build | Farm |
| 30:25 | Queue | Villager (Male) |
| 30:25 | Queue | Villager (Male) |
Match timeline
| 7:19 | AcousticBook4 · first_building Barracks |
| 8:59 | Fabrizio 094455 · wall_segment Palisade Wall x1 |
| 9:00 | Fabrizio 094455 · wall_segment Palisade Wall x1 |
| 9:02 | Fabrizio 094455 · wall_segment Palisade Wall x1 |
| 9:30 | Fabrizio 094455 · first_building Siege Workshop |
| 9:42 | shroff1997vatsal · first_building Barracks |
| 10:21 | shroff1997vatsal · age_up feudal |
| 11:50 | shroff1997vatsal · first_building Archery Range |
| 11:57 | pintu1712 · age_up feudal |
| 15:42 | shroff1997vatsal · age_up castle |
| 16:00 | shroff1997vatsal · first_building Siege Workshop |
| 16:37 | shroff1997vatsal · wall_segment Stone Wall x14 |
| 18:52 | shroff1997vatsal · wall_segment Stone Wall x11 |
| 22:21 | pintu1712 · age_up castle |
| 22:33 | shroff1997vatsal · wall_segment Stone Wall x4 |
| 22:40 | pintu1712 · first_building Castle |
| 24:10 | shroff1997vatsal · first_market_buy 100 wood |
| 24:37 | Fabrizio 094455 · first_building Barracks |
| 24:37 | shroff1997vatsal · first_market_sell 100 food |
| 24:43 | pintu1712 · first_market_buy 100 stone |
| 25:11 | AcousticBook4 · first_market_sell 100 food |
| 26:05 | Fabrizio 094455 · first_building Stable |
| 26:43 | shroff1997vatsal · wall_segment Stone Wall x4 |
| 30:56 | shroff1997vatsal · resign |
[ AI ANALYSIS · 1 CREDIT ]
What really happened in this match?
Wolo.gg analyzes every decision: build order, eco, micro, common mistakes by bracket. Personalized analysis on WhatsApp or Discord in 30 seconds.
Civ guide
Bulgarians
Perfil
Jugador #2382093